 Dungeon Crawl Stone Soup version 0.31-a0-145-g046c7d2549 (webtiles) character file.

Game seed: 12449379234653765738

163 qw the Shooter (level 5, 0/47 HPs)
             Began as a Minotaur Hunter on June 6, 2023.
             Slain by an orc wizard
             ... wielding a +0 whip
              (1 damage)
             ... on level 3 of the Dungeon.
             The game lasted 00:00:50 (1852 turns).

qw the Shooter (Minotaur Hunter)                    Turns: 1852, Time: 00:00:50

Health: 0/47       AC:  5    Str: 15    XL:     5   Next: 20%
Magic:  4/4        EV: 11    Int:  6    God:
Gold:   141        SH:  0    Dex: 16    Spells: 4/4 levels left

rFire   . . .        Y - +0 shortbow
rCold   . . .        (shield currently unavailable)
rNeg    . . .        a - +0 ring mail
rPois   .            (helmet restricted)
rElec   .            (no cloak)
rCorr   .            (no gloves)
SInv    .            (no boots)
Will    .....        (no amulet)
Stlth   +            (no ring)
HPRegen 0.27/turn    (no ring)
MPRegen 0.09/turn

%: no passive effects
@: no status effects
A: horns 2, retaliatory headbutt
a: no special abilities


You were on level 3 of the Dungeon.
You visited 1 branch of the dungeon, and saw 3 of its levels.

You collected 141 gold pieces.


Innate Abilities, Weirdness & Mutations

You have a pair of horns on your head.
You reflexively headbutt those who attack you in melee.


   Skills:
 - Level 4.4 Fighting
 + Level 6.1 Ranged Weapons
 - Level 1.2 Armour
 - Level 2.1 Dodging
 - Level 0.7 Stealth


You had 4 spell levels left.
You didn't know any spells.
Your spell library was empty.

Inventory:

Hand Weapons
 Y - a +0 shortbow (weapon)
Armour
 a - a +0 ring mail (worn)
 l - a +0 pair of gloves
Jewellery
 k - an amulet of faith
 n - a ring of see invisible
Scrolls
 g - a scroll of identify
 i - a scroll of enchant armour {unknown}
 j - a scroll of amnesia {unknown}
 m - a scroll of noise {unknown}
Potions
 b - a potion of mutation {unknown}
 c - a potion of attraction {unknown}
 e - a potion of haste {unknown}
 f - 2 potions of might {unknown}
 h - a potion of brilliance {unknown}

Dungeon Overview and Level Annotations

Branches:
Dungeon (3/15)

Altars:

Shops:
D:1 *


Message History

The arrow closely misses the orc.
The ball python bites you. The ball python constricts you.
You hear some strange, mumbled words.
Something tries to affect you, but you resist.
The ball python bites you but does no damage.
The ball python constricts you.
You shoot an arrow.
The arrow barely misses the ball python.
Something hits you but does no damage. The orc barely misses you.
You furiously retaliate!
You headbutt the orc!
You kill the orc!
The ball python bites you but does no damage.
The ball python constricts you.
You shoot an arrow.
The arrow barely misses the ball python.
Something hits you.
The ball python bites you but does no damage.
The ball python constricts you. Something hits you.
You shoot an arrow. The arrow hits the ball python.
You kill the ball python!
Something hits you.
You shoot an arrow. Something hits you but does no damage.
You shoot an arrow. Something hits you.
You shoot an arrow. Something hits you.
You shoot an arrow. Something hits you but does no damage. Something hits you.
You shoot an arrow. Something hits you but does no damage.
You shoot an arrow. Something hits you but does no damage.
You shoot an arrow. Something hits you but does no damage.
You shoot an arrow. Something hits you.
You shoot an arrow. Something hits you. x2
You die...

## . ###########
..o.......# #..#
..........# #..#
# o.....)...#
#..# # 7)).#
#..# 7@{.# #..#
7...### #..#
######
7...'.####..####
.....#
7...#..........#
.#####
7...######.....#
..# 7...#
####..# ..#
.....# #..# ..#
...:..# #..# ..#
.......# #.>#


There were no monsters in sight!

Vanquished Creatures
  An orc priest (D:3)
  6 adders
  An ufetubus (D:3)
  A worm (D:2)
  3 dart slugs
  4 orcs (D:3)
  5 ball pythons
  3 endoplasms (D:1)
  4 goblins
  5 hobgoblins
  5 jackals
  A quokka (D:1)
  7 bats
  6 frilled lizards
  5 kobolds
  12 rats
69 creatures vanquished.

Notes
Turn   | Place    | Note
-------+----------+-------------------------------------------
     0 | D:1      | qw the Minotaur Hunter began the quest for the Orb.
     0 | D:1      | Reached XP level 1. HP: 18/18 MP: 0/0
     0 | D:1      | 0 ||| qw: Version: 0.2-a-116-g91df2f0
     0 | D:1      | 0 ||| qw: Game counter: 2391
     0 | D:1      | 0 ||| qw: Always use a shield: true
     0 | D:1      | 0 ||| qw: God list: Okawaru
     0 | D:1      | 0 ||| qw: Allow faded altars: false
     0 | D:1      | 0 ||| qw: Do Orc after D:15 true
     0 | D:1      | 0 ||| qw: Do second Lair branch before Depths: true
     0 | D:1      | 0 ||| qw: Lair rune preference: random
     0 | D:1      | 0 ||| qw: Plans: Normal
     0 | D:1      | 0 ||| PLANNING D:1-11
    48 | D:1      | Found Sivouhoz's General Store.
    52 | D:1      | 52 ||| SHOPLISTING 3 scrolls of identify (84 gold, have
                  | 13).
    52 | D:1      | 52 ||| SHOPLISTING scroll of identify (28 gold, have 13).
    52 | D:1      | 52 ||| SHOPLISTING scroll of teleportation (42 gold, have
                  | 13).
   117 | D:1      | Reached XP level 2. HP: 25/25 MP: 1/1
   120 | D:1      | Reached skill level 5 in Ranged Weapons
   217 | D:1      | Reached skill level 3 in Fighting
   329 | D:1      | 329 ||| READING scroll labelled BEYVEN HAR MYBB.
   341 | D:1      | Found a faded altar of an unknown god.
   453 | D:1      | Reached XP level 3. HP: 31/31 MP: 2/2
   559 | D:1      | 559 ||| READING scroll labelled RESTRE CUADGH.
   563 | D:1      | 563 ||| DROPPING scroll of butterflies.
   750 | D:2      | You fall into a shaft and drop 1 floor!
   833 | D:3      | 833 ||| UPGRADING to +0 ring mail.
   843 | D:3      | 843 ||| DROPPING +0 leather armour.
   844 | D:3      | 844 ||| DRINKING 2 murky silvery potions.
   871 | D:2      | Identified the +1 mace of the Original Sin {flame, rF+}
   976 | D:2      | Reached skill level 1 in Armour
   976 | D:2      | Reached XP level 4. HP: 38/38 MP: 3/3
  1077 | D:2      | Reached skill level 6 in Ranged Weapons
  1821 | D:3      | 1821 ||| Stepping ~*~*~tactically~*~*~ (outnumbered).
  1822 | D:3      | 1822 ||| Stepping ~*~*~tactically~*~*~ (outnumbered).
  1828 | D:3      | Reached XP level 5. HP: 45/47 MP: 4/4
  1833 | D:3      | 1833 ||| DRINKING potion of curing.
  1833 | D:3      | 1833 ||| (to cure confusion)
  1845 | D:3      | HP: 11/47 [something (4)]
  1851 | D:3      | HP: 5/47 [something (4)]
  1852 | D:3      | HP: 1/47 [something (5)]
  1852 | D:3      | Slain by an orc wizard

Levels and vault maps discovered:
D:1:      eino_arrival_cavern_a, layout_basic, serial_shops, nicolae_shop_stone,
          shapermc_ecumenical_altar_acropolis, st_stairs_1
D:2:      layout_basic
D:3:      layout_loops_ring, kennysheep_path_1, uniq_robin

Skill      XL: |  1  2  3  4 |
---------------+-------------+-----
Ranged Weapons | 5 6 |  6.1
Fighting       | 3 4 |  4.4
Armour         | 1 |  1.2
Dodging        | |  2.1
Stealth        | |  0.7

Action                     |  1- 3 |  4- 6 || total
---------------------------+-------+-------++-------
   Fire: Shortbow          |    96 |   105 ||   201
    Use: Scroll            |     2 |       ||     2
         Potion            |     1 |     1 ||     2
 Armour: Leather armour    |     5 |       ||     5
         Ring mail         |     1 |    33 ||    34
  Dodge: Dodged            |    17 |    25 ||    42

Table legend:
 A = Non-vault XP
 B = Vault XP
 C = Vault XP percentage of total XP
 D = Non-vault monster count
 E = Vault monster count
 F = Vault count percentage of total count
                 A         B        C        D         E       F
            +---------+---------+-------+---------+---------+-------
      Total |     231 |       3 |   1.3 |      67 |       2 |   2.9
            +---------+---------+-------+---------+---------+-------
        D:1 |      41 |       3 |   6.8 |      27 |       2 |   6.9
        D:2 |      80 |       0 |   0.0 |      17 |       0 |   0.0
        D:3 |     110 |       0 |   0.0 |      23 |       0 |   0.0
            +---------+---------+-------+---------+---------+-------
